 Dungeon Crawl Stone Soup version 0.29-a0-721-g7f417c9bbb (webtiles) character file.

Game seed: 14669023958000426974

334 zeratav the Skirmisher (level 6, -1/29 HPs)
             Began as a Spriggan Arcane Marksman on June 27, 2022.
             Slain by a kobold brigand
             ... wielding a +0 dagger
              (7 damage)
             ... on level 3 of the Dungeon.
             The game lasted 00:06:38 (5339 turns).

zeratav the Skirmisher (Spriggan Arcane Marksman)   Turns: 5339, Time: 00:06:39

Health: -1/29      AC:  2    Str:  6    XL:     6   Next: 27%
Magic:  9/9        EV: 17    Int: 14    God:
Gold:   189        SH:  0    Dex: 18    Spells: 6/7 levels left

rFire   . . .      SeeInvis +   a - +0 sling
rCold   . . .      Faith    .   (no shield)
rNeg    . . .      Spirit   .   c - +0 robe
rPois   .          Reflect  .   (helmet restricted)
rElec   .          Harm     .   (no cloak)
rCorr   .          Rampage  .   (gloves unavailable)
Will    +....                   (boots unavailable)
Stlth   ++........              (no amulet)
HPRegen 0.09/turn               (no ring)
MPRegen 0.11/turn               (no ring)

@: very quick
A: very small, no large weapons, unfitting armour, see invisible, speed 3
a: no special abilities


You were on level 3 of the Dungeon.
You visited 1 branch of the dungeon, and saw 4 of its levels.

You collected 189 gold pieces.


Innate Abilities, Weirdness & Mutations

You are very small and have problems with some larger weapons.
You are too small for most types of armour.
You have supernaturally acute eyesight. (SInv)
You cover ground extremely quickly. (Speed+++)


   Skills:
 - Level 0.7 Fighting
 + Level 8.1 Ranged Weapons
 - Level 2.6 Dodging
 - Level 1.3 Spellcasting
 - Level 3.6 Hexes


You had 6 spell levels left.
You knew the following spells:

 Your Spells              Type           Power      Damage    Failure   Level
a - Slow                  Hex            44%        N/A       6%          1

Your spell library contained the following spells:

 Spells                   Type           Power      Damage    Failure   Level
 Inner Flame              Hex/Fire       6%         N/A       36%         3
 Portal Projectile        Hex/Tloc       12%        N/A       36%         3
 Cause Fear               Hex            5%         N/A       50%         4

Inventory:

Hand Weapons
 a - a +0 sling (weapon)
Armour
 c - a +0 robe (worn)
Scrolls
 b - 2 scrolls of vulnerability {!r!r}
 f - a scroll of noise {unknown}
 g - a scroll of blinking {unknown}
 i - 3 scrolls of identify {unknown}
 j - a scroll of teleportation {unknown}
 m - a scroll of fog {unknown}
 o - a scroll of enchant weapon {unknown}
 p - a scroll of torment {unknown}
Potions
 d - 2 potions of curing {@q1}
 e - a potion of ambrosia {unknown}
 h - a potion of mutation {unknown}
 k - 3 potions of berserk rage {unknown}
 l - a potion of lignification {unknown}
 n - a potion of heal wounds {unknown}

Dungeon Overview and Level Annotations

Branches:
Dungeon (4/15) Zot: 19622
 Temple: D:4-7

Altars:
Vehumet
Wu Jian
Beogh

Annotations:
D:2 Ijyb

###############.#....(....≈≈#
#...(...........#.._♣....≈≈≈#
#.###########.###..)....≈≈≈≈#
#.###########.# #........≈≈≈#
#.#........##.###........≈≈≈##
#.#...>....'....#......(..≈≈#.
#.#........#.#####.###########
#.......####.....#.#..........
######.......@K..)).[.........
##.####.################# #.#
#.# # #.# #.# # #.####.# #
#......# # ######## # # #


You could see a kobold brigand.


Message History

Fire: a) +0 sling
Press: ? - help, Q - select action, (/) - cycle Shift-Dir - straight line, f/p - kobold brigand
Aim: a kobold brigand, wielding a +0 dagger and quivering poisoned darts (moderately wounded, slow, 56% to hit)
You shoot a sling bullet.
The sling bullet closely misses the kobold brigand.
The kobold brigand throws a poisoned dart.
The poisoned dart hits you!
You are lethally poisoned!
Fire: a) +0 sling
Press: ? - help, Q - select action, (/) - cycle Shift-Dir - straight line, f/p - kobold brigand
Aim: a kobold brigand, wielding a +0 dagger and quivering poisoned darts (moderately wounded, slow, 56% to hit)
You shoot a sling bullet.
The sling bullet hits the kobold brigand.
* * * LOW HITPOINT WARNING * * *
You feel very sick.
The kobold brigand throws a poisoned dart.
The poisoned dart misses you.
HP[-3]
You take 3 damage, and now have 8/29 hp.
* * * LOW HITPOINT WARNING * * *
You feel sick.
HP[-1]
You take 1 damage, and now have 7/29 hp.
* * * LOW HITPOINT WARNING * * *
You feel sick.
HP[-2]
You take 2 damage, and now have 5/29 hp.
You feel better.
HP[+7]
You regained 7 hp, and now have 12/29 hp.
Fire: a) +0 sling
Press: ? - help, Q - select action, (/) - cycle Shift-Dir - straight line, f/p - kobold brigand
Aim: a kobold brigand, wielding a +0 dagger and quivering poisoned darts (moderately wounded, slow, 56% to hit)
You shoot a sling bullet.
The sling bullet closely misses the kobold brigand.
Fire: a) +0 sling
Press: ? - help, Q - select action, (/) - cycle Shift-Dir - straight line, f - you That would be overly suicidal.
Okay, then.
Fire: a) +0 sling
Press: ? - help, Q - select action, (/) - cycle Shift-Dir - straight line, f - you That would be overly suicidal.
Okay, then.
Fire: a) +0 sling
Press: ? - help, Q - select action, (/) - cycle Shift-Dir - straight line, f - you That would be overly suicidal.
Okay, then.
Fire: a) +0 sling
Press: ? - help, Q - select action, (/) - cycle Shift-Dir - straight line, f - you That would be overly suicidal.
Okay, then.
MP[+1]
Your mp is fully restored (9).
Fire: a) +0 sling
Press: ? - help, Q - select action, (/) - cycle Shift-Dir - straight line, f - kobold brigand
Aim: a kobold brigand, wielding a +0 dagger and quivering poisoned darts (moderately wounded, slow, 56% to hit)
You shoot a sling bullet.
The sling bullet hits the kobold brigand!
Fire: a) +0 sling
Press: ? - help, Q - select action, (/) - cycle Shift-Dir - straight line, f/p - kobold brigand
Aim: a kobold brigand, wielding a +0 dagger and quivering poisoned darts (severely wounded, slow, 56% to hit)
You shoot a sling bullet.
The sling bullet hits the kobold brigand.
The kobold brigand throws a poisoned dart.
The poisoned dart barely misses you.
Fire: a) +0 sling
Press: ? - help, Q - select action, (/) - cycle Shift-Dir - straight line, f/p - kobold brigand
Aim: a kobold brigand, wielding a +0 dagger and quivering poisoned darts (severely wounded, slow, 56% to hit)
You shoot a sling bullet.
The sling bullet hits the kobold brigand.
HP[+1] Fire: a) +0 sling
Press: ? - help, Q - select action, (/) - cycle Shift-Dir - straight line, f/p - kobold brigand
Aim: a kobold brigand, wielding a +0 dagger and quivering poisoned darts (severely wounded, slow, 56% to hit)
You shoot a sling bullet.
The sling bullet misses the kobold brigand.
Fire: a) +0 sling
Press: ? - help, Q - select action, (/) - cycle Shift-Dir - straight line, f/p - kobold brigand
Aim: a kobold brigand, wielding a +0 dagger and quivering poisoned darts (severely wounded, slow, 56% to hit)
You shoot a sling bullet.
The sling bullet closely misses the kobold brigand.
The kobold brigand is no longer moving slowly.
The kobold brigand closely misses you.
Fire: a) +0 sling
Press: ? - help, Q - select action, (/) - cycle Shift-Dir - straight line, f/p - kobold brigand
Aim: a kobold brigand, wielding a +0 dagger and quivering poisoned darts (severely wounded, 56% to hit)
You shoot a sling bullet.
The sling bullet hits the kobold brigand.
The kobold brigand hits you with a +0 dagger!
* * * LOW HITPOINT WARNING * * *
HP[-7]
You take 7 damage, and now have 6/29 hp.
MASSIVE DAMAGE!! (PAUSE) Fire: a) +0 sling
Press: ? - help, Q - select action, (/) - cycle Shift-Dir - straight line, f/p - kobold brigand
Aim: a kobold brigand, wielding a +0 dagger and quivering poisoned darts (almost dead, 56% to hit)
You shoot a sling bullet.
The sling bullet closely misses the kobold brigand.
The kobold brigand hits you with a +0 dagger!
You die...

Skill      XL: |  1  2  3  4  5  6 |
---------------+-------------------+-----
Ranged Weapons | 3 4 5 6 7 8 |  8.1
Fighting       | |  0.7
Dodging        | |  2.6
Spellcasting   | |  1.3
Hexes          | |  3.6

Action                   |  1- 3 |  4- 6 || total
-------------------------+-------+-------++-------
 Fire: Sling             |   134 |   226 ||   360
 Cast: Slow              |     2 |    10 ||    12
  Use: Potion            |       |     1 ||     1
Armor: Robe              |     5 |     7 ||    12
Dodge: Dodged            |    59 |    87 ||   146

Levels and vault maps discovered:
D:1:      ebering_trefoil_3fold, layout_loops_corners,
          shapermc_ecumenical_altar_venn
D:2:      layout_loops_cross, uniq_natasha, uniq_terence
D:3:      layout_basic, nzn_wu_jian_contemplation, fiery_altar_vehumet,
          uniq_jessica, uniq_ijyb, uniq_robin
D:4:      layout_rooms, kennysheep_slug_shrine, hangedman_decor_lopped,
          kennysheep_orc_chapel

Notes
Turn   | Place    | Note
-------+----------+-------------------------------------------
     0 | D:1      | zeratav the Spriggan Arcane Marksman began the quest for
                  | the Orb.
     0 | D:1      | Reached XP level 1. HP: 9/9 MP: 3/3
     0 | D:1      | magus.rc [v1.9.6]
    45 | D:1      | Reached skill level 3 in Ranged Weapons
   242 | D:1      | Reached XP level 2. HP: 14/14 MP: 5/5
   542 | D:1      | Reached skill level 4 in Ranged Weapons
   721 | D:1      | Reached XP level 3. HP: 17/17 MP: 6/6
   831 | D:1      | Found a faded altar of an unknown god.
  1489 | D:2      | Noticed Terence
  1523 | D:2      | Killed Terence
  1524 | D:2      | Reached skill level 5 in Ranged Weapons
  1524 | D:2      | Reached XP level 4. HP: 8/21 MP: 7/7
  2019 | D:2      | Noticed Natasha
  2024 | D:2      | Killed Natasha
  2079 | D:3      | Noticed Jessica
  2087 | D:2      | HP: 1/21 [Jessica/+0 club (5)]
  2605 | D:2      | Killed Jessica
  2606 | D:2      | Reached skill level 6 in Ranged Weapons
  2669 | D:3      | Reached XP level 5. HP: 18/25 MP: 8/8
  2749 | D:3      | Found a radiant altar of Vehumet.
  2759 | D:3      | Noticed Ijyb
  3247 | D:2      | Noticed Natasha
  3253 | D:2      | HP: 4/25 [Natasha (8)]
  3255 | D:2      | Killed Natasha
  3480 | D:2      | Noticed Natasha
  3489 | D:2      | Killed Natasha
  3757 | D:3      | Noticed Robin
  3759 | D:3      | Reached skill level 7 in Ranged Weapons
  3796 | D:3      | Killed Robin
  4215 | D:3      | Found an ornate altar of the Wu Jian Council.
  4680 | D:3      | Reached XP level 6. HP: 20/29 MP: 9/9
  4999 | D:3      | Reached skill level 8 in Ranged Weapons
  5203 | D:3      | HP: 7/29 [poisoned by a kobold brigand]
  5208 | D:3      | HP: 3/29 [poisoned by a kobold brigand]
  5323 | D:3      | HP: 7/29 [poisoned by a kobold brigand]
  5338 | D:3      | HP: 6/29 [kobold brigand/+0 dagger (7)]
  5339 | D:3      | Slain by a kobold brigand

Vanquished Creatures
  A scorpion (D:3)
  An orc priest (D:3)
  Jessica (D:2)
  Terence (D:2)
  Natasha (thrice) (D:2)
  Robin (D:3)
  3 adders (D:3)
  A worm (D:3)
  2 dart slugs
  4 orcs (D:3)
  2 ball pythons
  5 bats
  4 endoplasms (D:1)
  4 giant cockroaches
  15 goblins
  7 hobgoblins
  4 jackals (D:1)
  4 kobolds
  5 quokkas
  2 frilled lizards
  4 rats (D:1)
74 creatures vanquished.

Table legend:
 A = Non-vault XP
 B = Vault XP
 C = Vault XP percentage of total XP
 D = Non-vault monster count
 E = Vault monster count
 F = Vault count percentage of total count
                 A         B        C        D         E       F
            +---------+---------+-------+---------+---------+-------
      Total |     289 |     189 |  39.5 |      56 |      18 |  24.3
            +---------+---------+-------+---------+---------+-------
        D:1 |      52 |       0 |   0.0 |      29 |       0 |   0.0
        D:2 |      85 |     108 |  56.0 |      10 |       3 |  23.1
        D:3 |     151 |      81 |  34.9 |      16 |      15 |  48.4
        D:4 |       1 |       0 |   0.0 |       1 |       0 |   0.0
            +---------+---------+-------+---------+---------+-------

Illustrated notes

Table legend:
 A = Kills in this place as a percentage of kills in entire the game.
 B = Kills by you in this place as a percentage of kills by you in the entire game.
 C = Kills by friends in this place as a percentage of kills by friends in the entire game.
 D = Other kills in this place as a percentage of other kills in the entire game.
 E = Experience gained in this place as a percentage of experience gained in the entire game.
 F = Experience gained in this place divided by the number of levels of this place that you have seen.
                   A       B       C       D       E      F
               +-------+-------+-------+-------+-------+----------------------
         Total | 100.0 | 100.0 |   N/A |   N/A | 100.0 | 119.5
       Dungeon | 100.0 | 100.0 |   N/A |   N/A | 100.0 | 119.5
               +-------+-------+-------+-------+-------+----------------------

Table legend: (Time is in decaauts)
 A = Elapsed time spent in this place.
 B = Non-inter-level travel time spent in this place.
 C = Inter-level travel time spent in this place.
 D = Time resting spent in this place.
 E = Time spent auto-exploring this place.
 F = Levels seen in this place.
 G = Mean time per level.
                   A        B        C        D        E       F      G
               +--------+--------+--------+--------+--------+-----+--------+
         Total |   4376 |   4128 |    248 |   1680 |   1693 |   4 | 1094.0 |
       Dungeon |   4376 |   4128 |    248 |   1680 |   1693 |   4 | 1094.0 |
               +--------+--------+--------+--------+--------+-----+--------+

Top non-repeatable levels by time:
     D:2: 1883 daAuts
     D:3: 1516 daAuts
     D:1: 938 daAuts
     D:4: 38 daAuts
